 Dungeon Crawl Stone Soup version 0.25-a0-285-gcba6f664f8 (webtiles) character file.

Game seed: 3801849372733741321, levelgen mode: deterministic

22950 floatRand the Covert (level 13, -9/86 HPs)
             Began as a Formicid Fighter on Dec 11, 2019.
             Was a Priest of Uskayaw.
             Mangled by a komodo dragon (21 damage)
             ... on level 4 of the Lair of Beasts.
             The game lasted 00:17:44 (14446 turns).

floatRand the Covert (Formicid Fighter)            Turns: 14446, Time: 00:17:44

Health: -9/86      AC: 14    Str: 28    XL:     13   Next: 31%
Magic:  19/19      EV: 10    Int:  8    God:    Uskayaw [***...]
Gold:   918        SH: 15    Dex: 13    Spells: 12/12 levels left

rFire    . . .     SeeInvis +   m - +3 hand axe (elec)
rCold    . . .     Gourm    .   c - +0 shield
rNeg     . . .     Faith    .   s - +0 plate armour
rPois    +         Spirit   .   (helmet unavailable)
rElec    .         Reflect  +   C - +1 cloak
rCorr    +         Harm     .   (no gloves)
MR       +....                  h - +0 pair of boots
Stlth    +.........             w - +2 amulet of reflection
HPRegen  0.24/turn              O - ring of poison resistance
MPRegen  0.16/turn              j - ring of resist corrosion

@: mighty
A: permanent stasis, dig shafts and tunnels, four strong arms, antennae 3
a: Dig, Shaft Self, Stomp, Line Pass, Renounce Religion


You were on level 4 of the Lair of Beasts.
You worshipped Uskayaw.
Uskayaw was aware of your devotion.
You were not hungry.

You visited 3 branches of the dungeon, and saw 15 of its levels.
You also visited: Ossuary.

You collected 1158 gold pieces.
You spent 240 gold pieces at shops.

Inventory:

Hand Weapons
 a - a +0 war axe
 m - a +3 hand axe of electrocution (weapon)
 t - a +1 hand axe of flaming
 y - the +5 quarterstaff "Epoyd" {crush, rElec Dex+4}
   (You found it on level 6 of the Dungeon)

   It inflicts extra damage upon your enemies.
   It affects your dexterity (+4).
   It insulates you from electricity.
 U - a cursed +0 battleaxe
Missiles
 p - 12 curare-tipped darts (quivered)
 r - 4 atropa-tipped darts
Armour
 c - a +0 shield (worn)
 h - a +0 pair of boots (worn)
 s - a +0 plate armour (worn)
 C - a +1 cloak (worn)
Jewellery
 j - a ring of resist corrosion (right hand)
 w - a +2 amulet of reflection (around neck)
 D - an uncursed ring of protection from magic {unknown}
 E - an uncursed ring of ice
 F - an uncursed ring of stealth
 H - an uncursed ring of fire
 M - an uncursed ring of positive energy
 N - an uncursed ring of flight
 O - a ring of poison resistance (left hand)
Wands
 B - a wand of flame (8)
 K - a wand of paralysis (1)
 R - a wand of polymorph (7)
 T - a wand of iceblast (3)
Scrolls
 d - a scroll of identify
 i - a scroll of fear
 l - a scroll of amnesia
 o - 4 scrolls of remove curse
 u - a scroll of magic mapping
 A - 3 scrolls of enchant weapon
Potions
 e - 5 potions of flight
 g - 7 potions of curing
 k - 4 potions of cancellation
 n - a potion of resistance
 q - 3 potions of heal wounds
 v - 5 potions of degeneration {unknown}
 x - 4 potions of lignification {unknown}
 I - 2 potions of agility {unknown}
 J - a potion of brilliance {unknown}
 L - a potion of magic {unknown}
 S - 2 potions of ambrosia {unknown}
 V - a potion of mutation
Comestibles
 b - 6 chunks of flesh
 f - 20 rations


   Skills:
 - Level 3.2 Fighting
 + Level 11.7 Axes
 - Level 3.2 Armour
 + Level 7.0 Dodging
 + Level 14.4 Stealth
 - Level 10.9 Shields
 + Level 9.3 Invocations


You had 12 spell levels left.
You didn't know any spells.
Your spell library contained the following spells:

 Spells                   Type           Power        Failure   Level  Hunger
 Beastly Appendage        Tmut           #.....       99%         1    ##.....
 Infusion                 Chrm           #...         99%         1    ##.....
 Magic Dart               Conj           #...         99%         1    ##.....
 Sting                    Tmut/Pois      #...         99%         1    ##.....
 Poisonous Vapours        Pois/Air       #.....       100%        2    ###....
 Searing Ray              Conj           #.....       100%        2    ###....
 Shroud of Golubria       Chrm/Tloc      #.....       100%        2    ###....
 Song of Slaying          Chrm           #.......     100%        2    ###....
 Sticks to Snakes         Tmut           #.......     100%        2    ###....
 Dazzling Flash           Conj/Hex       #.....       100%        3    ####...
 Ignite Poison            Fire/Tmut/Pois #.......     100%        3    ####...
 Mephitic Cloud           Conj/Pois/Air  #.......     100%        3    ####...
 Regeneration             Chrm/Necr      #.........   100%        3    ####...
 Spectral Weapon          Hex/Chrm       #.......     100%        3    ####...
 Spider Form              Tmut/Pois      #.........   100%        3    ####...
 Fulminant Prism          Conj/Hex       #.........   100%        4    #####..
 Ice Form                 Ice/Tmut       #.......     100%        4    #####..
 Iskenderun's Mystic Bla  Conj/Tloc      #.......     100%        4    #####..
 Olgreb's Toxic Radiance  Pois           #.......     100%        4    #####..
 Blade Hands              Tmut           #.........   100%        5    ######.
 Irradiate                Conj/Tmut      #.........   100%        5    ######.
 Hydra Form               Tmut           #.........   100%        6    #######
 Statue Form              Tmut/Erth      #........    100%        6    #######
 Dragon Form              Tmut           #.........   100%        7    #######


Dungeon Overview and Level Annotations

Branches:
Dungeon (10/15)            Temple (1/1) D:7            Lair (4/6) D:8
 Shoals (0/4) Lair:4          Orc (0/2) D:9         Ossuary (visited)
  Snake: Lair:2-4    Spider: Lair:2-4

Altars:
Ashenzari
Cheibriados
Dithmenos
Elyvilon
Gozag
Kikubaaqudgha
Nemelex Xobeh
Ru
Sif Muna
Trog
Uskayaw
Xom
Yredelemnul

Shops:
D:5 (   D:10 =


Innate Abilities, Weirdness & Mutations

You cannot be hasted, slowed, berserked, paralysed or teleported.
You can dig through walls and to a lower floor.
Your four strong arms can wield two-handed weapons with a shield.
You have a pair of large antennae on your head. (SInv)


Message History

The black mamba is moderately wounded.
The black mamba bites you.
* * * LOW HITPOINT WARNING * * *
Unknown command.
You hit the black mamba.
The black mamba is moderately wounded.
You block the black mamba's attack. The black mamba bites you!
* * * LOW HITPOINT WARNING * * *
You are lethally poisoned!
The black mamba poisons you!
Unknown command.
You slash the black mamba!
Lightning courses through the black mamba!!
You kill the black mamba!
* * * LOW HITPOINT WARNING * * *
You feel sick.
Uskayaw will force your foes to helplessly watch your dance.
Unknown command.
You feel better. The komodo dragon bites you!!
You die...

............### { #.#.#.#†#...#
.P............### ###.#.#y.#...
P.......⌠.#.....#### ..#.####.#..
...†......#...#....#.#.#.#.##{{##
(.(<....#....#....##....#...###S.
.((........#.#..##..##..#.S##S.##
..(.##........##.###.)##.##.y##..
P#####.......#..##y.##..#..##..##
## #....#....#.@l###...#.y..##..
##...###....##..##.#[#.#.# ..
#...###.##...#.####.#..## ##
##P...##..##.#.#..#.#.###
#P....###....##.#.#.#.# { ##....#
##.##.##.#.###. #.....#
#..##...#.#.#..
##.....###..#.#.[..# ... #.P...#
##...##.#.# .#.#


You could see a komodo dragon and a killer bee.

Vanquished Creatures
  4 hydras
  A death yak (Lair:4)
  Sonja (Lair:2)
  An unseen horror (D:10)
  A manticore (Lair:4)
  4 black mambas
  Psyche (D:9)
  5 spiny frogs
  A centaur skeleton (D:10)
  2 komodo dragons (Lair:1)
  2 rime drakes
  A polar bear (Lair:2)
  A troll (D:4)
  Prince Ribbit (D:9)
  5 hippogriffs
  3 meliai (Lair:4)
  5 blink frogs
  Sigmund (D:4)
  A wraith (D:10)
  6 yaks
  4 wyverns
  A hungry ghost (D:10)
  2 basilisks (Lair:2)
  A porcupine (Lair:2)
  3 orc warriors
  23 water moccasins
  An ice beast (D:5)
  5 phantoms
  2 wolves (Lair:4)
  3 ogres
  14 centaurs
  6 crocodiles
  A big kobold (D:6)
  7 bullfrogs
  3 scorpions
  22 killer bees
  4 howler monkeys
  An electric eel (Lair:3)
  3 crimson imps
  A bullfrog zombie (D:10)
  2 centaur zombies
  6 hounds
  A jelly (D:7)
  7 orc priests
  2 bullfrog skeletons (D:8)
  Natasha (thrice) (D:4)
  4 iguanas
  7 orc wizards
  8 worker ants
  A killer bee zombie (D:7)
  9 mummies
  A howler monkey zombie (D:7)
  2 worker ant zombies
  29 adders
  6 gnolls
  An adder zombie (D:5)
  2 worms (D:5)
  An adder skeleton (D:5)
  8 leopard geckos
  42 orcs
  3 bats (D:3)
  3 giant cockroaches
  2 gnoll zombies (Ossuary)
  5 goblins
  11 hobgoblins
  9 jackals
  3 quokkas
  7 frilled lizards
  3 hobgoblin zombies (Ossuary)
  6 kobolds
  A kobold zombie (Ossuary)
  2 orc zombies (Ossuary)
  A quokka skeleton (D:6)
  4 rats
  3 plants (Lair:4)
359 creatures vanquished.

Vanquished Creatures (others)
  A fungus (Lair:4)
  7 plants (Lair:4)
8 creatures vanquished.

Grand Total: 367 creatures vanquished

Notes
Turn   | Place    | Note
-------+----------+-------------------------------------------
     0 | D:1      | floatRand the Formicid Fighter began the quest for the Orb.
     0 | D:1      | Reached XP level 1. HP: 18/18 MP: 1/1
   366 | D:1      | Reached skill level 1 in Stealth
   366 | D:1      | Reached XP level 2. HP: 23/24 MP: 2/2
   751 | D:1      | Reached XP level 3. HP: 27/29 MP: 3/3
  1099 | D:2      | You fall into a shaft and drop 2 floors!
  1150 | D:4      | Noticed Natasha
  1152 | D:4      | Killed Natasha
  1152 | D:4      | Reached skill level 2 in Stealth
  1152 | D:4      | Reached XP level 4. HP: 35/35 MP: 4/4
  1186 | D:4      | Noticed a phantom
  1203 | D:4      | Reached skill level 3 in Stealth
  1203 | D:4      | Reached XP level 5. HP: 31/41 MP: 5/5
  1208 | D:4      | Noticed Sigmund
  1213 | D:4      | Noticed Natasha
  1215 | D:4      | Killed a phantom
  1215 | D:4      | Reached skill level 5 in Shields
  1215 | D:4      | Reached XP level 6. HP: 31/47 MP: 6/6
  1216 | D:4      | Killed Sigmund
  1216 | D:4      | Reached skill level 4 in Stealth
  1221 | D:4      | Killed Natasha
  1221 | D:4      | Reached XP level 7. HP: 25/52 MP: 7/7
  1392 | D:4      | Found a sand-covered staircase.
  1402 | Ossuary  | Entered an ossuary
  1419 | Ossuary  | Reached skill level 5 in Stealth
  1930 | D:4      | Reached skill level 5 in Axes
  2041 | D:4      | Noticed Natasha
  2047 | D:4      | Killed Natasha
  2075 | D:4      | Reached XP level 8. HP: 43/58 MP: 8/8
  2076 | D:4      | Noticed a troll
  2079 | D:4      | Reached skill level 6 in Stealth
  2093 | D:4      | Killed a troll
  2986 | D:3      | Reached skill level 7 in Stealth
  3540 | D:5      | Entered Level 5 of the Dungeon
  3752 | D:5      | Reached XP level 9. HP: 64/64 MP: 9/9
  3764 | D:5      | Found Gaagasong's Weapon Emporium.
  3945 | D:5      | Reached skill level 8 in Stealth
  5121 | D:6      | Reached skill level 9 in Stealth
  5364 | D:6      | Got an ancient quarterstaff
  5369 | D:6      | Identified the +5 quarterstaff "Epoyd" {crush, rElec Dex+4}
                  | (You found it on level 6 of the Dungeon)
  5655 | D:7      | Reached XP level 10. HP: 64/70 MP: 10/10
  5985 | D:7      | Found an ancient bone altar of Kikubaaqudgha.
  6034 | D:7      | Reached skill level 10 in Stealth
  6034 | D:7      | Reached skill level 10 in Shields
  6433 | D:7      | Found a staircase to the Ecumenical Temple.
  6441 | Temple   | Entered the Ecumenical Temple
  6540 | Temple   | Became a worshipper of Uskayaw the Reveler
  6616 | D:8      | Reached * piety under Uskayaw
  6620 | D:8      | Reached ** piety under Uskayaw
  6689 | D:8      | Reached *** piety under Uskayaw
  6694 | D:8      | Reached **** piety under Uskayaw
  6971 | D:8      | Found a staircase to the Lair.
  7739 | D:9      | Reached skill level 11 in Stealth
  7843 | D:9      | Noticed Prince Ribbit
  7854 | D:9      | Killed Prince Ribbit
  7867 | D:9      | Noticed Psyche
  7879 | D:9      | Killed Psyche
  7879 | D:9      | Reached skill level 1 in Invocations
  8025 | D:9      | Reached skill level 1 in Dodging
  8182 | D:9      | Found a staircase to the Orcish Mines.
  8280 | D:10     | Entered Level 10 of the Dungeon
  8415 | D:10     | Reached XP level 11. HP: 75/75 MP: 12/12
  8500 | D:10     | Found Usahi's Jewellery Shoppe.
  8503 | D:10     | Bought an uncursed ring of poison resistance for 240 gold
                  | pieces
  8557 | D:10     | Noticed an unseen horror
  8606 | D:10     | Killed an unseen horror
  9397 | Lair:1   | Entered Level 1 of the Lair of Beasts
  9483 | Lair:1   | Reached skill level 12 in Stealth
  9900 | Lair:1   | Noticed a four-headed hydra
  9915 | Lair:1   | HP: 3/75 [four-headed hydra (5)]
  9918 | Lair:1   | Killed a four-headed hydra
  9918 | Lair:1   | Reached skill level 5 in Invocations
 10137 | Lair:1   | Reached skill level 10 in Axes
 11164 | Lair:2   | Noticed Sonja
 11172 | Lair:2   | Killed Sonja
 11315 | Lair:2   | Reached XP level 12. HP: 78/81 MP: 16/16
 11787 | Lair:3   | Reached skill level 13 in Stealth
 12146 | Lair:3   | Reached skill level 5 in Dodging
 12185 | Lair:3   | Reached ***** piety under Uskayaw
 12934 | Lair:4   | Found a staircase to the Shoals.
 13016 | Lair:4   | Noticed an eight-headed hydra
 13403 | Lair:4   | Killed an eight-headed hydra
 13775 | Lair:4   | Reached ****** piety under Uskayaw
 13824 | Lair:4   | Noticed a six-headed hydra
 13836 | Lair:4   | Killed a seven-headed hydra
 13836 | Lair:4   | Reached XP level 13. HP: 38/86 MP: 19/19
 13870 | Lair:4   | Reached skill level 14 in Stealth
 14360 | Lair:4   | Noticed a five-headed hydra
 14380 | Lair:4   | Killed a one-headed hydra
 14444 | Lair:4   | HP: 3/86 [black mamba (11)]
 14446 | Lair:4   | Mangled by a komodo dragon

Levels and vault maps discovered:
D:1:      dpeg_arrival_chambers_temple_mockup, layout_basic
D:2:      layout_rooms
D:3:      layout_loops_ring, minmay_door_square, hangedman_decor_diamond_cutter,
          grunt_decor_mini_mirrors
D:4:      layout_loops_ring, gup_ossuary_entry_pyramid, uniq_sigmund,
          uniq_natasha
D:5:      layout_basic, first_ration, serial_shops, shop, sigmund_army
D:6:      minmay_cornered_nines, layout_gridville
D:7:      layout_basic, marbit_many_paths, minmay_temple_entry_enclosed_plants,
          minmay_puff
D:8:      layout_loops_ring, dpeg_oklobed_lair
D:9:      layout_loops_ring, orc_0_dummy, uniq_psyche, uniq_prince_ribbit1
D:10:     layout_cave_pods, serial_shops, kennysheep_mini
Temple:   kilobyte_greek_temple
Lair:1:   layout_layer_cave, serial_bayou_ford_a, st_stairs_4,
          grunt_megastairs_1
Lair:2:   layout_big_grid, uniq_sonja
Lair:3:   lemuel_reptile_caves, layout_hall_layers, minivault_27,
          infiniplex_staircase_pool
Lair:4:   regret_index_wax_grids, layout_big_grid, minmay_shoals_entry_centaurs,
          minmay_snake_entry_guardpost_small, lemuel_fruit_fields

Skill      XL: |  1  2  3  4  5  6  7  8  9 10 11 12 13 |
---------------+----------------------------------------+-----
Stealth        | 1 2 3 4 5 7 9 11 12 13 14 | 14.4
Shields        | 4 5 6 8 9 10 | 10.9
Axes           | 3 4 5 6 7 9 10 11 | 11.7
Invocations    | 2 6 8 9 |  9.3
Dodging        | 1 4 6 7 |  7.0
Fighting       | |  3.2
Armour         | |  3.2

Action                   |  1- 3 |  4- 6 |  7- 9 | 10-12 | 13-15 || total
-------------------------+-------+-------+-------+-------+-------++-------
Melee: War axe           |    76 |       |       |       |       ||    76
       Hand axe          |     6 |    28 |   379 |   640 |    91 ||  1144
       Quarterstaff      |       |       |       |    24 |       ||    24
Invok: Line Pass         |       |       |       |     1 |       ||     1
       Grand Finale      |       |       |       |       |     1 ||     1
 Abil: Dig               |       |       |       |     3 |       ||     3
Evoke: Wand              |       |       |       |    11 |       ||    11
  Use: Scroll            |     6 |       |     9 |     7 |     1 ||    23
       Potion            |       |     1 |     1 |     1 |     7 ||    10
 Stab: Sleeping          |       |       |     1 |       |       ||     1
       Paralysed         |       |       |       |    44 |     3 ||    47
  Eat: Chunk             |     1 |       |    15 |    21 |     1 ||    38
       Ration            |       |       |       |     3 |       ||     3
Armor: Scale mail        |    25 |    11 |    28 |       |       ||    64
       Plate armour      |       |       |    79 |   264 |    40 ||   383
Dodge: Dodged            |    19 |     7 |    68 |   171 |    21 ||   286
Block: Shield            |    47 |    12 |   197 |   487 |    72 ||   815
       Reflection        |       |       |       |    14 |       ||    14

Table legend:
 A = Non-vault XP
 B = Vault XP
 C = Vault XP percentage of total XP
 D = Non-vault monster count
 E = Vault monster count
 F = Vault count percentage of total count
                 A         B        C        D         E       F
            +---------+---------+-------+---------+---------+-------
      Total |   18449 |   14337 |  43.7 |     241 |     115 |  32.3
            +---------+---------+-------+---------+---------+-------
        D:1 |      29 |       0 |   0.0 |      17 |       0 |   0.0
        D:2 |       6 |       0 |   0.0 |       4 |       0 |   0.0
        D:3 |     129 |       0 |   0.0 |      20 |       0 |   0.0
        D:4 |    1082 |     267 |  19.8 |      31 |       3 |   8.8
        D:5 |     813 |      25 |   3.0 |      29 |       6 |  17.1
        D:6 |     573 |     366 |  39.0 |      15 |       3 |  16.7
        D:7 |    1184 |     238 |  16.7 |      33 |       5 |  13.2
        D:8 |    1084 |       0 |   0.0 |      21 |       0 |   0.0
        D:9 |     922 |     717 |  43.7 |      12 |       2 |  14.3
       D:10 |    2404 |       0 |   0.0 |      21 |       0 |   0.0
     Lair:1 |    3216 |     591 |  15.5 |      10 |       3 |  23.1
     Lair:2 |    1488 |     360 |  19.5 |       7 |       1 |  12.5
     Lair:3 |    2972 |    3144 |  51.4 |      15 |      35 |  70.0
     Lair:4 |    2547 |    8475 |  76.9 |       6 |      41 |  87.2
    Ossuary |       0 |     154 | 100.0 |       0 |      16 | 100.0
            +---------+---------+-------+---------+---------+-------
